AoeStats
← Codiman

African Clearing

510459878Analyzed
4v4 RM · 4h ago on Oct 1, 2026· 54m 52s· 8 players
Game mode
Random Map
Map size
Large (8 player)
Population
200
Speed
Normal
Resources
Standard
Victory
Conquest
Starting age
Dark Age
Ending age
Imperial Age
RankedLock teamsTeams togetherTeam positionsShared explorationLock speedFull tech treeHidden civsTurbo modeCheats
Victory
Defeat
🇨🇴 Huns · Colombia
1460
+15
🇨🇴 Persians · Colombia
1397
+17
🇦🇷 Cumans · Argentina
1378
+18
🇧🇴 Khitans · Bolivia
1374
+18
🇲🇽 Italians · Mexico
1483
-19
🇺🇸 Saracens · United States
1455
-18
🇦🇷 Chinese · Argentina
1403
-16
🇭🇰 Mongols · Hong Kong SAR China
1373
-15
VL Jucas
6:35 Loom
14:29 Feudal Age
19:13 Castle Age
17:23 Fletching
17:22 Double-Bit Axe
18:58 Wheelbarrow
18:09 Town Watch
18:28 Padded Archer Armor
20:34 Bow Saw
20:20 Bodkin Arrow
20:31 Horse Collar
23:57 Ballistics
26:19 Leather Archer Armor
31:09 Thumb Ring
33:26 Hand Cart
38:47 Imperial Age
37:39 Heavy Plow
37:38 Murder Holes
39:11 Elite Genoese Crossbowman
42:17 Conscription
41:59 Squires
41:45 Arson
42:47 Bracer
43:49 Chemistry
44:21 Ring Archer Armor
54:01 Light Cavalry
54:51 Bloodlines
54:41 Husbandry
4o3haq28b
4:29 Loom
6:40 Loom
13:31 Feudal Age
14:19 Double-Bit Axe
18:42 Stone Mining
22:24 Fletching
27:28 Castle Age
26:30 Horse Collar
28:32 Bodkin Arrow
28:57 Bow Saw
29:18 Padded Archer Armor
30:48 Forging
40:33 Wheelbarrow
41:36 Heavy Plow
44:43 Gold Mining
47:06 Hand Cart
47:46 Stone Shaft Mining
hoffypianoman
13:06 Feudal Age
11:43 Loom
14:26 Double-Bit Axe
26:30 Castle Age
30:05 Bow Saw
37:14 Horse Collar
45:49 Wheelbarrow
45:36 Scale Barding Armor
47:47 Chain Barding Armor
48:03 Bloodlines
48:43 Forging
48:37 Fletching
50:01 Iron Casting
La.Reina.de.Once
3:38 Loom
12:36 Feudal Age
16:35 Castle Age
14:46 Double-Bit Axe
18:15 Scale Barding Armor
20:31 Bloodlines
20:21 Husbandry
23:29 Horse Collar
26:57 Fletching
28:18 Bodkin Arrow
28:38 Bow Saw
29:22 Wheelbarrow
29:51 Padded Archer Armor
32:08 Thumb Ring
32:41 Gold Mining
32:41 Stone Mining
34:49 Leather Archer Armor
35:45 Ballistics
36:41 Husbandry
38:10 Gold Shaft Mining
38:11 Stone Shaft Mining
42:10 Imperial Age
39:26 Town Watch
41:50 Hand Cart
45:57 Chemistry
47:01 Conscription
47:58 Bracer
48:28 Parthian Tactics
47:35 Light Cavalry
49:05 Chain Barding Armor
48:56 Forging
Dadagama
3:27 Loom
27:28 Feudal Age
33:46 Castle Age
56:01 Wheelbarrow
JairoElChigüi
9:19 Loom
12:33 Feudal Age
13:32 Double-Bit Axe
15:29 Forging
18:59 Scale Barding Armor
19:57 Horse Collar
24:39 Castle Age
23:39 Bloodlines
24:58 Wheelbarrow
25:27 Husbandry
26:08 Chain Barding Armor
38:08 Heavy Plow
40:10 Bow Saw
41:28 Iron Casting
42:03 Hand Cart
42:05 Town Watch
45:57 Imperial Age
43:55 Fletching
44:16 Masonry
44:49 Bodkin Arrow
47:20 Plate Barding Armor
47:46 Blast Furnace
47:13 Conscription
46:18 Cavalier
48:17 Chemistry
47:13 Murder Holes
47:34 Paladin
48:48 Bracer
49:59 Ballistics
49:49 Masonry
53:35 Thumb Ring
54:32 Parthian Tactics
54:08 Padded Archer Armor
55:28 Leather Archer Armor
Tupac_Amaru
6:28 Loom
12:52 Feudal Age
13:42 Town Watch
18:03 Double-Bit Axe
18:12 Horse Collar
21:23 Wheelbarrow
25:09 Castle Age
23:29 Gold Mining
23:59 Scale Barding Armor
24:17 Bloodlines
24:45 Forging
27:02 Chain Barding Armor
28:36 Heavy Plow
30:29 Iron Casting
32:27 Hand Cart
35:04 Town Patrol
40:21 Imperial Age
41:48 Plate Barding Armor
40:48 Cavalier
41:37 Light Cavalry
43:41 Blast Furnace
44:47 Fletching
45:19 Conscription
44:53 Elite Skirmisher
45:35 Padded Archer Armor
47:09 Ballistics
47:23 Leather Archer Armor
47:37 Bodkin Arrow
48:48 Ring Archer Armor
51:38 Chemistry
50:48 Masonry
52:22 Thumb Ring
Codiman
3:39 Loom
12:37 Feudal Age
14:29 Forging
19:11 Fletching
30:30 Castle Age
28:38 Domestication
29:21 Scale Barding Armor
30:57 Town Watch
31:48 Wheelbarrow
31:23 Light Cavalry
32:04 Husbandry
32:44 Iron Casting
41:26 Bodkin Arrow
42:49 Hand Cart
45:34 Imperial Age
44:00 Chain Barding Armor
45:15 Padded Archer Armor
46:02 Hussar
50:43 Plate Barding Armor
51:50 Chemistry
51:11 Ballistics
51:42 Bracer
51:57 Leather Archer Armor
53:57 Ring Archer Armor
54:09 Elite Skirmisher
54:56 Thumb Ring
55:02 Lamellar Armor
55:23 Ordo Cavalry
55:42 Conscription
Connection lost

Rejoining the realm…

Still unreachable

The connection could not be restored.

Session expired

The server has moved on; the page needs a fresh start.